 Dungeon Crawl Stone Soup version 0.29-a0-824-gd827844252 (webtiles) character file.

Game seed: 15759044993818979921

54 indigestion the Firebug (level 4, 0/30 HPs)
             Began as a Human Fire Elementalist on July 11, 2022.
             Succumbed to an adder's poison
             ... on level 2 of the Dungeon.
             The game lasted 00:05:02 (2538 turns).

indigestion the Firebug (Human Fire Elementalist)   Turns: 2538, Time: 00:05:03

Health: 0/30       AC:  2    Str:  8    XL:     4   Next: 12%
Magic:  2/7        EV: 12    Int: 17    God:
Gold:   85         SH:  0    Dex: 14    Spells: 6/7 levels left

rFire   . . .      SeeInvis .   l - +1 short sword (freeze)
rCold   . . .      Faith    .   (no shield)
rNeg    . . .      Spirit   .   a - +0 robe
rPois   .          Reflect  .   (no helmet)
rElec   .          Harm     .   (no cloak)
rCorr   .          Rampage  .   (no gloves)
Will    .....                   (no boots)
Stlth   ++........              (no amulet)
HPRegen 0.10/turn               (no ring)
MPRegen 0.10/turn               (no ring)

@: lethally poisoned (0 -> -7)
A: no striking features
a: no special abilities


You were on level 2 of the Dungeon.
You visited 1 branch of the dungeon, and saw 2 of its levels.

You collected 85 gold pieces.

Inventory:

Hand Weapons
 l - a +1 short sword of freezing (weapon)
Armour
 a - a +0 robe (worn)
Scrolls
 d - 4 scrolls of noise {unknown}
 e - a scroll of magic mapping {unknown}
 i - 3 scrolls of teleportation {unknown}
 j - a scroll of summoning {unknown}
 k - a scroll of amnesia {unknown}
Potions
 b - a potion of magic
 c - 2 potions of flight {unknown}
 f - a potion of berserk rage {unknown}
 g - a potion of lignification {unknown}
 h - a potion of degeneration {unknown}


   Skills:
 + Level 2.5 Dodging
 + Level 2.6 Stealth
 + Level 2.4 Spellcasting
 + Level 1.8 Conjurations
 + Level 3.3 Fire Magic


You had 6 spell levels left.
You knew the following spells:

 Your Spells              Type           Power      Damage    Failure   Level
a - Foxfire               Conj/Fire      40%        2x1d6     6%          1

Your spell library contained the following spells:

 Spells                   Type           Power      Damage    Failure   Level
 Scorch                   Fire           26%        2d6       7%          2
 Necrotise                Necr           8%         1d4       19%         1
 Conjure Flame            Conj/Fire      10%        6-21      19%         3
 Inner Flame              Hex/Fire       7%         N/A       28%         3
 Vampiric Draining        Necr           2%         2d6       50%         3
 Flame Wave               Conj/Fire      10%        2d5       54%         4
 Agony                    Necr           2%         N/A       99%         5


Dungeon Overview and Level Annotations

Branches:
Dungeon (2/15)

Altars:


Message History

You conjure some foxfire!
The worm bites you!
* * * LOW HITPOINT WARNING * * *
You hit the worm. You freeze the worm.
The worm is almost dead.
The foxfire hits the worm.
You kill the worm!
You start resting.
Your foxfire dissipates!
You start resting.
A goblin is nearby!
Casting: Foxfire (safe; 6% risk of failure)
Confirm with . or Enter, or press ? or * to list all spells.
You conjure some foxfire!
The goblin shouts!
The foxfire hits the goblin.
The goblin is severely wounded.
The foxfire hits the goblin.
You kill the goblin!
You start resting.
An adder is nearby!
Casting: Foxfire (safe; 6% risk of failure)
Confirm with . or Enter, or press ? or * to list all spells.
You conjure some foxfire!
The adder hisses angrily.
The foxfire hits the adder.
The adder is lightly wounded.
You miss the adder.
The adder is lightly wounded.
The foxfire hits the adder.
The adder is severely wounded.
Casting: Foxfire (safe; 6% risk of failure)
Confirm with . or Enter, or press ? or * to list all spells.
You conjure some foxfire!
The adder bites you.
* * * LOW HITPOINT WARNING * * *
You are lethally poisoned!
The adder poisons you! The adder bites you.
* * * LOW HITPOINT WARNING * * *
You closely miss the adder. Your punch misses the adder.
The adder is severely wounded.
You die...

##..._...........†......
#..#...#.....######.####
#..##.##.##### #.#
#........# #.#
#...##..## #.# ######..#
#.## #..# #..#
########vv#### ##.#
.........@S).# #.#
############.# #.## #.#
#..# #.# ##.## #.# #...
#.# ##.# #.# #.# #w# #.#
#.# #..


You could see an adder (ally target).

Vanquished Creatures
  An adder (D:2)
  2 worms (D:2)
  A dart slug (D:1)
  6 ball pythons
  A bat (D:1)
  4 giant cockroaches
  5 goblins
  5 hobgoblins
  5 kobolds
  4 rats
34 creatures vanquished.

Vanquished Creatures (others)
  65 foxfires
65 creatures vanquished.

Grand Total: 99 creatures vanquished

Notes
Turn   | Place    | Note
-------+----------+-------------------------------------------
     0 | D:1      | indigestion the Human Fire Elementalist began the quest for
                  | the Orb.
     0 | D:1      | Reached XP level 1. HP: 13/13 MP: 3/3
   540 | D:1      | Reached XP level 2. HP: 19/19 MP: 0/5
  1743 | D:1      | Reached XP level 3. HP: 13/24 MP: 3/6
  2385 | D:2      | Found a faded altar of an unknown god.
  2482 | D:2      | Reached XP level 4. HP: 10/30 MP: 3/7
  2538 | D:2      | Succumbed to an adder's poison

Illustrated notes

Levels and vault maps discovered:
D:1:      dpeg_arrival_erosion, layout_basic, kennysheep_pointless_box,
          minmay_door_square
D:2:      layout_basic, ebering_ecumenical_altar_box

Action                   |  1- 3 |  4- 6 || total
-------------------------+-------+-------++-------
Melee: Unarmed           |    22 |       ||    22
       Dagger            |    30 |       ||    30
       Short sword       |     8 |     6 ||    14
       Punch             |     1 |       ||     1
 Cast: Foxfire           |    33 |     7 ||    40
 Stab: Sleeping          |     3 |       ||     3
Armor: Robe              |    12 |       ||    12
Dodge: Dodged            |    39 |     2 ||    41

Table legend: (Time is in decaauts)
 A = Elapsed time spent in this place.
 B = Non-inter-level travel time spent in this place.
 C = Inter-level travel time spent in this place.
 D = Time resting spent in this place.
 E = Time spent auto-exploring this place.
 F = Levels seen in this place.
 G = Mean time per level.
                   A        B        C        D        E       F      G
               +--------+--------+--------+--------+--------+-----+--------+
         Total |   2539 |   2515 |     24 |    783 |   1428 |   2 | 1269.5 |
       Dungeon |   2539 |   2515 |     24 |    783 |   1428 |   2 | 1269.5 |
               +--------+--------+--------+--------+--------+-----+--------+

Top non-repeatable levels by time:
     D:1: 1864 daAuts
     D:2: 675 daAuts
